 Dungeon Crawl Stone Soup version 0.17-a0-930-g1e1d351 (webtiles) character file.

1172 Minkie the Destroyer (level 8, -4/41 HPs)
             Began as a Deep Elf Wizard on May 5, 2015.
             Slain by miek's ghost (11 damage)
             ... on level 5 of the Dungeon.
             The game lasted 00:21:00 (5108 turns).

Minkie the Destroyer (Deep Elf Wizard)              Turns: 5108, Time: 00:21:00

Health: -4/41      AC:  3    Str:  5    XL:     8   Next: 18%
Magic:  12/17      EV: 16    Int: 24    God:
Gold:   200        SH:  0    Dex: 14    Spells: 4 memorised, 8 levels left

rFire  . . .     SeeInvis .     t - +2 flail (holy)
rCold  . . .     Clarity  .     a - +0 robe
rNeg   . . .     SustAb   +     (no shield)
rPois  .         Gourm    +     b - +0 hat
rElec  .         Spirit   .     o - +0 cloak
rCorr  .         Warding  .     (no gloves)
rMut   .         Stasis   .     (no boots)
MR     .....                    u - amulet of the gourmand
Stlth  ++........               (no ring)
                                x - ring of sustain abilities

@: not resistant to hostile enchantments, unstealthy
A: no striking features
a: no special abilities


You were on level 5 of the Dungeon.
You were not hungry.

You visited 1 branch of the dungeon, and saw 5 of its levels.

You collected 200 gold pieces.

Inventory:

Hand weapons
 q - a +2 short sword of holy wrath
 t - a +2 flail of holy wrath (weapon)
Armour
 a - a +0 robe (worn)
 b - a +0 hat (worn)
 o - a +0 cloak (worn)
Jewellery
 u - an amulet of the gourmand (around neck)
 x - a ring of sustain abilities (left hand)
Magical devices
 v - a wand of flame (23)
Scrolls
 g - 2 scrolls of blinking {unknown}
 m - a scroll of recharging {unknown}
 p - a scroll of identify {unknown}
 r - a scroll of teleportation {unknown}
Potions
 e - 2 potions of brilliance {unknown}
 i - 2 potions of degeneration {unknown}
 j - a potion of might {unknown}
 k - 3 potions of curing {unknown}
 l - 2 potions of poison {unknown}
 s - 2 potions of ambrosia {unknown}
Books
 c - a book of Minor Magic

   Spells                             Type                      Level
   a - Magic Dart                     Conjuration                  1
   b - Blink                          Translocation                2
   c - Call Imp                       Summoning                    2
   d - Repel Missiles                 Charms/Air                   2
   e - Slow                           Hexes                        2
   f - Conjure Flame                  Conjuration/Fire             3
   g - Mephitic Cloud                 Conjuration/Poison/Air       3
Comestibles
 d - 3 bread rations
 f - a slice of pizza
 h - 5 meat rations
 n - 2 royal jellies
 w - a beef jerky


   Skills:
 + Level 6.8 Dodging
 - Level 2.4 Stealth
 - Level 5.0 Spellcasting
 * Level 8.7 Conjurations
   Level 1.1 Summonings
 - Level 1.1 Translocations


You had 8 spell levels left.
You knew the following spells:

 Your Spells              Type           Power        Failure   Level  Hunger
a - Magic Dart            Conj           ####         1%          1    None
b - Blink                 Tloc           N/A          12%         2    None
c - Mephitic Cloud        Conj/Pois/Air  ###.....     10%         3    ##.....
d - Conjure Flame         Conj/Fire      ####....     4%          3    ##.....


Dungeon Overview and Level Annotations

Branches:
Dungeon (5/15)
 Temple: D:4-7

Altars:
Dithmenos

Annotations:
D:5 miek's ghost, experienced GrGl


Message History

Miek's ghost is engulfed in roaring flames.
Miek's ghost hits you!
You closely miss miek's ghost.
Miek's ghost is lightly damaged.
Miek's ghost is engulfed in roaring flames.
Miek's ghost closely misses you. The hobgoblin hits you with a club.
Miek's ghost hits you! The hobgoblin closely misses you.
You barely miss miek's ghost.
Miek's ghost is moderately damaged.
You hear the rusting of a distant drain.
The kobold completely misses you.
Miek's ghost is engulfed in roaring flames.
Miek's ghost misses you. The hobgoblin hits you with a club.
* * * LOW HITPOINT WARNING * * *
You hit miek's ghost but do no damage.
Miek's ghost is severely damaged.
The kobold hits you with a short sword.
* * * LOW HITPOINT WARNING * * *
Miek's ghost hits you!
You die...

##....##.# # #.
##.....##.##### ##.
#.......#...... ....##
#.......###.... .......
##......# #.... .......
##...#.# #.... .......
#...#.# #....
......>K#####...#.. ##...
.......g@W.##.### .# .).#
........##....####.#..###
....... #........# #
.......#.......#$...#
######.#.......# .W.#
#......#### .... #.#....#
... #.......# . ...#####


You could see miek's ghost, a hobgoblin and a kobold.

Vanquished Creatures
  The ghost of Minkie the Destroyer, an experienced TeWz of Sif Muna (D:4)
  Grinder (D:4)
  A phantom (D:4)
  A scorpion (D:4)
  A crimson imp (D:4)
  A hound (D:4)
  An orc priest (D:4)
  5 orc wizards (D:4)
  5 worker ants
  A gnoll (D:1)
  7 adders
  2 oozes
  4 giant geckos
  5 orcs
  A ball python (D:1)
  7 goblins
  11 hobgoblins
  5 jackals
  14 kobolds
  3 quokkas
  7 bats
  4 giant newts
  A jackal skeleton (D:4)
  10 rats
99 creatures vanquished.

Notes
Turn   | Place    | Note
--------------------------------------------------------------
     0 | D:1      | Minkie, the Deep Elf Wizard, began the quest for the Orb.
     0 | D:1      | Reached XP level 1. HP: 10/10 MP: 7/7
   340 | D:1      | Reached XP level 2. HP: 15/15 MP: 3/9
   634 | D:1      | Learned a level 2 spell: Blink
   753 | D:1      | Reached XP level 3. HP: 19/19 MP: 7/11
  1036 | D:1      | Learned a level 3 spell: Mephitic Cloud
  1040 | D:1      | Learned a level 3 spell: Conjure Flame
  1486 | D:2      | Reached XP level 4. HP: 24/24 MP: 7/12
  1578 | D:2      | Reached skill level 5 in Spellcasting
  2574 | D:4      | Noticed Minkie's ghost (experienced TeWz)
  3256 | D:4      | Reached XP level 5. HP: 28/28 MP: 9/14
  3284 | D:4      | Noticed a phantom
  3321 | D:4      | Killed a phantom
  3321 | D:4      | Reached skill level 5 in Conjurations
  3321 | D:4      | Reached XP level 6. HP: 21/32 MP: 0/15
  3625 | D:4      | Reached skill level 5 in Dodging
  3912 | D:4      | Reached skill level 6 in Conjurations
  4150 | D:4      | Killed Minkie's ghost
  4150 | D:4      | Reached skill level 7 in Conjurations
  4150 | D:4      | Reached XP level 7. HP: 36/36 MP: 12/16
  4186 | D:4      | Noticed Grinder
  4535 | D:4      | Paralysed by Grinder for 2 turns
  4551 | D:4      | Killed Grinder
  4551 | D:4      | Reached skill level 8 in Conjurations
  4551 | D:4      | Reached XP level 8. HP: 41/41 MP: 1/17
  4958 | D:5      | Entered Level 5 of the Dungeon
  4972 | D:5      | Found a shadowy altar of Dithmenos.
  5093 | D:5      | Noticed miek's ghost (experienced GrGl)
  5108 | D:5      | Slain by miek's ghost

Action                   |  1- 3 |  4- 6 |  7- 9 || total
-------------------------+-------+-------+-------++-------
Melee: Club              |     4 |       |       ||     4
       Short sword       |       |     1 |       ||     1
       Flail             |       |     6 |    10 ||    16
 Cast: Magic Dart        |    67 |   146 |    78 ||   291
       Mephitic Cloud    |     1 |     1 |       ||     2
       Conjure Flame     |       |     4 |     5 ||     9
       Blink             |       |       |     4 ||     4
  Eat: Chunk             |     2 |     5 |     9 ||    16
       Pizza             |       |     2 |       ||     2
